 Dungeon Crawl Stone Soup version 0.28-a0-511-gcc94558de3 (webtiles) character file.

Game seed: 16581033280764965901

382 Demosthentine the Poker (level 6, -1/48 HPs)
             Began as a Merfolk Gladiator on Sept 21, 2021.
             Slain by a howler monkey (3 damage)
             ... while paralysed by Grinder
             ... on level 4 of the Dungeon.
             The game lasted 00:02:15 (4281 turns).

Demosthentine the Poker (Merfolk Gladiator)         Turns: 4281, Time: 00:02:15

Health: -1/48      AC:  5    Str: 16    XL:     6   Next: 76%
Magic:  6/6        EV:  2    Int:  7    God:
Gold:   88         SH:  0    Dex: 16    Spells: 5/5 levels left

rFire   . . .      SeeInvis .   a - +0 trident (vorpal)
rCold   . . .      Faith    .   (no shield)
rNeg    . . .      Spirit   .   b - +0 leather armour
rPois   .          Reflect  .   c - +0 helmet
rElec   .          Harm     .   k - +0 cloak
rCorr   .          Rampage  .   (no gloves)
Will    .....                   (no boots)
Stlth   +.........              (no amulet)
HPRegen 0.16/turn               (no ring)
MPRegen 0.10/turn               (no ring)

@: paralysed, hasted
A: (nimble swimmer 2), mertail
a: no special abilities


You were on level 4 of the Dungeon.
You visited 1 branch of the dungeon, and saw 4 of its levels.

You collected 88 gold pieces.

Inventory:

Hand Weapons
 a - a +0 vorpal trident (weapon)
Missiles
 d - 3 throwing nets (quivered)
Armour
 b - a +0 leather armour (worn)
 c - a +0 helmet (worn)
 k - a +0 cloak (worn)
Jewellery
 o - a ring of protection from fire
Wands
 m - a wand of acid (12)
Scrolls
 i - 2 scrolls of teleportation
 j - 2 scrolls of magic mapping
Potions
 e - a potion of flight
 g - 3 potions of curing
 h - a potion of resistance {unknown}
 l - a potion of heal wounds {unknown}


   Skills:
 + Level 4.2 Fighting
 + Level 6.5 Polearms
 - Level 2.0 Throwing
 + Level 2.2 Armour
 + Level 5.9 Dodging


You had 5 spell levels left.
You didn't know any spells.
Your spell library contained the following spells:

 Spells                   Type           Power      Damage    Failure   Level
 Apportation              Tloc           0%         N/A       50%         1
 Alistair's Intoxication  Tmut/Pois      0%         N/A       100%        5
 Invisibility             Hex            0%         N/A       100%        6


Dungeon Overview and Level Annotations

Branches:
Dungeon (4/15)
 Temple: D:4-7

Altars:
Wu Jian

Annotations:
D:4 Grinder


Innate Abilities, Weirdness & Mutations

((You are quick and stealthy near water. (Stealth+, EV+, Speed+++)))
Your lower body shifts to a powerful aquatic tail in water.


Message History

Grinder closely misses you.
You hit Grinder.
Grinder is lightly wounded.
The howler monkey barely misses you.
Grinder grins, showing sharp teeth.
Grinder closely misses you.
You puncture Grinder!
Grinder is moderately wounded.
The howler monkey misses you. Grinder misses you.
You closely miss Grinder.
Grinder is moderately wounded.
The howler monkey hits you.
Your leather armour prevents you from hitting Grinder.
Grinder is moderately wounded.
Grinder misses you. Grinder hits you but does no damage.
You puncture Grinder!
Grinder is heavily wounded.
The howler monkey hits you.
You hit Grinder.
Grinder is severely wounded.
Grinder misses you. The howler monkey hits you.
You hit Grinder.
Grinder is almost dead.
Grinder closely misses you. The howler monkey closely misses you.
You puncture Grinder!
Grinder is almost dead.
Grinder gestures at you.
You suddenly lose the ability to move!
Grinder hits you. The howler monkey hits you. Grinder hits you.
* * * LOW HITPOINT WARNING * * *
The howler monkey hits you but does no damage.
Grinder hits you!
* * * LOW HITPOINT WARNING * * *
The howler monkey hoots and howls with incredible vigour!
Grinder hits you.
* * * LOW HITPOINT WARNING * * *
You writhe in agony.
* * * LOW HITPOINT WARNING * * *
The howler monkey hits you.
You die...

#####......(..........
#.................
#.................
#.................
#.................
#.................
#.#######.###..... #h#
#.# #.....
##@#######'########
#.5.........#
#...........#
#...........#
##'#.#'###.## #.#.#.#
#.########
#.#.#.###.##......
#.#.#.....##.#####
#.#.########...#


You could see Grinder (fast) and a howler monkey (catching breath).

Vanquished Creatures
  A black bear (D:4)
  An ogre (D:4)
  A bullfrog (D:4)
  Terence (D:2)
  5 adders
  2 worms (D:3)
  3 dart slugs
  7 ball pythons
  5 bats
  6 endoplasms
  4 giant cockroaches
  6 goblins
  3 hobgoblins
  4 jackals (D:4)
  11 kobolds
  4 quokkas
  4 frilled lizards
  3 rats
71 creatures vanquished.

Notes
Turn   | Place    | Note
-------+----------+-------------------------------------------
     0 | D:1      | Demosthentine the Merfolk Gladiator began the quest for the
                  | Orb.
     0 | D:1      | Reached XP level 1. HP: 16/16 MP: 1/1
   259 | D:1      | Reached XP level 2. HP: 19/23 MP: 2/2
   342 | D:1      | Found a faded altar of an unknown god.
  1088 | D:1      | Reached XP level 3. HP: 28/28 MP: 3/3
  1507 | D:2      | Reached skill level 5 in Polearms
  1645 | D:2      | Reached skill level 1 in Armour
  1783 | D:2      | Noticed Terence
  1795 | D:2      | Killed Terence
  1796 | D:2      | Reached XP level 4. HP: 6/35 MP: 4/4
  2856 | D:3      | Reached skill level 5 in Dodging
  3224 | D:3      | Reached XP level 5. HP: 36/41 MP: 5/5
  3733 | D:3      | Found an ornate altar of the Wu Jian Council.
  3926 | D:4      | Noticed a black bear
  3933 | D:4      | Killed a black bear
  3934 | D:4      | Reached skill level 6 in Polearms
  3934 | D:4      | Reached XP level 6. HP: 48/48 MP: 6/6
  4243 | D:4      | Noticed Grinder
  4278 | D:4      | Paralysed by Grinder for 4 turns
  4281 | D:4      | HP: 2/48 [Grinder (1)]
  4281 | D:4      | Slain by a howler monkey

Illustrated notes

Levels and vault maps discovered:
D:1:      sevenhm_arrival_forest_fort_large_1, layout_basic,
          hellmonk_ecumenical_altar_arch_garden
D:2:      wad_pebble_path, layout_loops_ring, uniq_terence
D:3:      layout_rooms, nzn_wu_jian_council_hall, serial_co_window_serial,
          co_window_corner_a, co_window_paths_b, co_window_corner_a,
          co_window_paths_a, co_window_paths_a, co_window_cross_1,
          co_window_corner_a, co_window_2corner, co_window_corner_ca,
          co_window_corner_cb, glass_columns_c, glass_columns_a,
          glass_columns_c, glass_columns_a
D:4:      layout_basic, doesnt_xom_only_xom, makhleb_blood_cavern_becter,
          uniq_grinder

Skill      XL: |  1  2  3  4  5  6 |
---------------+-------------------+-----
Polearms       | 5 6 |  6.5
Armour         | 1 2 |  2.2
Fighting       | 3 4 |  4.2
Dodging        | 5 |  5.9
Throwing       | |  2.0

Action                   |  1- 3 |  4- 6 || total
-------------------------+-------+-------++-------
Melee: Trident           |   100 |   153 ||   253
Throw: Throwing net      |     1 |       ||     1
  Use: Scroll            |     1 |     6 ||     7
       Potion            |       |     2 ||     2
 Stab: Sleeping          |     2 |     1 ||     3
Armor: Leather armour    |    12 |    44 ||    56
Dodge: Dodged            |    43 |   114 ||   157

Table legend: (Time is in decaauts)
 A = Elapsed time spent in this place.
 B = Non-inter-level travel time spent in this place.
 C = Inter-level travel time spent in this place.
 D = Time resting spent in this place.
 E = Time spent auto-exploring this place.
 F = Levels seen in this place.
 G = Mean time per level.
                   A        B        C        D        E       F      G
               +--------+--------+--------+--------+--------+-----+--------+
         Total |   4267 |   4168 |     99 |      0 |   3638 |   4 | 1066.8 |
       Dungeon |   4267 |   4168 |     99 |      0 |   3638 |   4 | 1066.8 |
               +--------+--------+--------+--------+--------+-----+--------+

Top non-repeatable levels by time:
     D:1: 1410 daAuts
     D:3: 1264 daAuts
     D:2: 1217 daAuts
     D:4: 375 daAuts
